 Dungeon Crawl Stone Soup version 0.25.1-2-g60ff931df9 (webtiles) character file.

Game seed: 13339844255914344630

6996 Erymatos the Cleaver (level 10, -2/93 HPs)
             Began as a Minotaur Berserker on Nov 11, 2020.
             Was a High Priest of Trog.
             Slain by a centaur warrior (4 damage)
             ... on level 9 of the Dungeon.
             The game lasted 00:11:17 (8796 turns).

Erymatos the Cleaver (Minotaur Berserker)           Turns: 8796, Time: 00:11:18

Health: -2/93      AC: 16    Str: 23    XL:     10   Next: 82%
Magic:  0/19       EV: 12    Int:  9    God:    Trog [*****.]
Gold:   447        SH:  7    Dex: 18    Spells: 9/9 levels left

rFire    . . .     SeeInvis .   a - +0 hand axe
rCold    . . .     Gourm    .   B - +2 buckler
rNeg     . . .     Faith    .   x - +0 chain mail
rPois    .         Spirit   +   D - +3 hat of Pondering {ponderous, MR+ MP+10 Int+5}
rElec    .         Reflect  .   w - +0 cloak
rCorr    .         Harm     .   u - +0 pair of gloves
MR       +....                  (no boots)
Stlth    ..........             p - amulet of guardian spirit
HPRegen  0.25/turn              f - +6 ring of dexterity
MPRegen  0.16/turn              (no ring)

@: berserk cooldown, slowed, very slow
A: retaliatory headbutt, horns 2
a: Berserk, Trog's Hand, Brothers in Arms, Renounce Religion


You were on level 9 of the Dungeon.
You worshipped Trog.
Trog was extremely pleased with you.
You were near starving.

You visited 1 branch of the dungeon, and saw 9 of its levels.

You collected 447 gold pieces.

Inventory:

Hand Weapons
 a - a +0 hand axe (weapon)
Armour
 b - a +0 animal skin
 u - a +0 pair of gloves (worn)
 v - a scarf of resistance
 w - a +0 cloak (worn)
 x - a +0 chain mail (worn)
 y - a +2 scale mail of fire resistance
 B - a +2 buckler (worn)
 D - the +3 hat of Pondering (worn) {ponderous, MR+ MP+10 Int+5}
   (You took it off Gastronok on level 8 of the Dungeon)

   It affects your intelligence (+5).
   It affects your resistance to hostile enchantments.
   It affects your magic capacity (+10).
Jewellery
 f - a +6 ring of dexterity (left hand)
 p - an amulet of guardian spirit (around neck)
Wands
 t - a wand of paralysis (18)
 A - a wand of digging (4)
Scrolls
 d - 6 scrolls of identify {unknown}
 e - 4 scrolls of fog {unknown}
 g - 7 scrolls of remove curse {unknown}
 m - 6 scrolls of teleportation {unknown}
 n - 3 scrolls of enchant armour {unknown}
 o - a scroll of amnesia {unknown}
 s - 5 scrolls of fear {unknown}
Potions
 h - a potion of stabbing {unknown}
 i - 3 potions of degeneration {unknown}
 j - 2 potions of mutation {unknown}
 k - a potion of ambrosia {unknown}
 l - 2 potions of might {unknown}
 q - 4 potions of flight {unknown}
 r - 4 potions of heal wounds {unknown}
 z - a potion of curing
 C - a potion of brilliance {unknown}
Comestibles
 c - 11 rations


   Skills:
 + Level 9.9 Fighting
 + Level 13.2 Axes
 + Level 7.8 Armour
 + Level 6.5 Dodging
 - Level 3.8 Stealth
 + Level 2.8 Shields


You had 9 spell levels left.
You didn't know any spells.
Your spell library was empty.

Dungeon Overview and Level Annotations

Branches:
Dungeon (9/15)             Temple (0/1) D:6
   Lair: D:8-11         Orc: D:9-12

Altars:
Cheibriados
Elyvilon
Fedhas
Kikubaaqudgha
Nemelex Xobeh
Ru
Trog
Xom
Zin

Annotations:
D:9 Erolcha


Innate Abilities, Weirdness & Mutations

You reflexively headbutt those who attack you in melee.
You have a pair of horns on your head.


Message History

You hit the centaur warrior.
The centaur warrior is moderately wounded.
You hit something but do no damage. Something barely misses you.
You block the centaur warrior's attack.
Unknown command.
Your chain mail prevents you from hitting the centaur warrior.
The centaur warrior is moderately wounded.
You hit something. The centaur warrior closely misses you. Something hits you.
* * * LOW HITPOINT WARNING * * *
You barely miss the centaur warrior.
The centaur warrior is lightly wounded.
You hit something. The centaur warrior hits you.
* * * LOW HITPOINT WARNING * * *
The centaur warrior misses you. You furiously retaliate!
You headbutt the centaur warrior. Something hits you but does no damage.
Unknown command.
You hit the centaur warrior.
The centaur warrior is moderately wounded.
You closely miss something. The centaur warrior hits you.
You die...

≈≈≈≈#.......#≈≈≈
≈≈≈≈#.......#≈≈≈
≈≈≈≈#.......#≈≈≈
≈≈≈≈#.......#≈≈≈
≈≈≈≈≈#.......#≈≈≈
≈≈≈≈≈#.......#≈≈≈
≈≈≈≈≈#.(){c..#≈≈≈
≈≈≈≈≈#..(@...#≈≈≈
≈≈≈≈≈#(......#≈≈≈
≈≈≈≈≈#..†....#≈≈≈
≈≈≈≈≈#...)...#≈≈≈
≈≈≈≈≈#.<.....#≈≈≈
≈≈≈≈≈#(.(....#≈≈≈
≈≈≈≈≈#$...(..#≈≈≈
≈≈≈≈≈≈≈≈≈≈≈≈≈≈≈≈≈
≈≈≈≈≈≈≈≈≈≈≈≈≈≈≈≈


You could see a centaur warrior.

Vanquished Creatures
  Gastronok (D:8)
  Harold (D:7)
  A two-headed ogre (D:8)
  2 hornets
  Prince Ribbit (D:5)
  Sigmund (D:3)
  A hippogriff (D:7)
  A hungry ghost (D:7)
  4 orc warriors
  An ice beast (D:8)
  A phantom (D:8)
  4 ogres
  A necrophage (D:8)
  4 centaurs
  2 big kobolds
  3 bullfrogs
  2 scorpions
  3 killer bees (D:7)
  A jelly (D:8)
  An orc priest (D:8)
  A bullfrog skeleton (D:8)
  4 hounds
  2 iguanas
  13 orc wizards
  4 worker ants
  Natasha (thrice) (D:2)
  2 hound skeletons
  A howler monkey zombie (D:7)
  Robin (D:3)
  4 gnolls (D:7)
  11 adders
  An ooze (D:1)
  An adder skeleton (D:8)
  A worm (D:5)
  A dart slug (D:1)
  4 leopard geckos
  29 orcs
  6 giant cockroaches
  5 hobgoblins
  8 jackals
  18 kobolds
  5 quokkas
  2 ball pythons
  10 bats
  2 frilled lizards
  15 goblins
  A leopard gecko skeleton (D:4)
  A quokka skeleton (D:5)
  2 quokka zombies
  7 rats
201 creatures vanquished.

Notes
Turn   | Place    | Note
-------+----------+-------------------------------------------
     0 | D:1      | Erymatos the Minotaur Berserker began the quest for the
                  | Orb.
     0 | D:1      | Reached XP level 1. HP: 19/19 MP: 0/0
   424 | D:1      | Reached XP level 2. HP: 27/27 MP: 1/1
   427 | D:1      | Reached skill level 4 in Axes
   788 | D:1      | Reached XP level 3. HP: 29/34 MP: 2/2
   792 | D:1      | Reached ** piety under Trog
  1154 | D:2      | Noticed Natasha
  1164 | D:2      | Killed Natasha
  1164 | D:2      | Reached XP level 4. HP: 41/41 MP: 3/3
  1339 | D:2      | Found a white marble altar of Elyvilon.
  1364 | D:2      | Noticed Natasha
  1374 | D:2      | Killed Natasha
  1394 | D:2      | Noticed Natasha
  1399 | D:2      | Killed Natasha
  1399 | D:2      | Reached skill level 5 in Axes
  1399 | D:2      | Reached XP level 5. HP: 45/47 MP: 4/4
  1502 | D:2      | Found a sparkling altar of Nemelex Xobeh.
  1512 | D:2      | Found a sacrificial altar of Ru.
  1744 | D:3      | Noticed Sigmund
  1751 | D:3      | Killed Sigmund
  1751 | D:3      | Reached skill level 5 in Fighting
  1751 | D:3      | Reached skill level 6 in Axes
  1751 | D:3      | Reached skill level 1 in Stealth
  1751 | D:3      | Reached XP level 6. HP: 56/56 MP: 5/5
  2239 | D:3      | Reached *** piety under Trog
  2873 | D:3      | Noticed Robin
  2882 | D:3      | Killed Robin
  3227 | D:4      | Reached XP level 7. HP: 61/61 MP: 6/6
  3511 | D:4      | Reached skill level 7 in Axes
  3835 | D:4      | Found a blossoming altar of Fedhas.
  4387 | D:5      | Entered Level 5 of the Dungeon
  4483 | D:5      | Noticed Prince Ribbit
  4497 | D:5      | Killed Prince Ribbit
  4628 | D:5      | Reached skill level 8 in Axes
  4628 | D:5      | Reached skill level 5 in Dodging
  4628 | D:5      | Reached XP level 8. HP: 55/70 MP: 5/7
  4902 | D:5      | Found a snail-covered altar of Cheibriados.
  5182 | D:6      | Found a bloodstained altar of Trog.
  5220 | D:6      | Found a staircase to the Ecumenical Temple.
  5423 | D:6      | Found an ancient bone altar of Kikubaaqudgha.
  5431 | D:6      | Reached **** piety under Trog
  5596 | D:6      | Found a white marble altar of Elyvilon.
  5608 | D:6      | Reached skill level 9 in Axes
  5778 | D:6      | Found a glowing silver altar of Zin.
  6005 | D:7      | Noticed Harold
  6017 | D:7      | Killed Harold
  6017 | D:7      | Reached skill level 10 in Axes
  6017 | D:7      | Reached XP level 9. HP: 79/79 MP: 5/8
  6379 | D:7      | Reached skill level 11 in Axes
  7412 | D:8      | Reached skill level 5 in Armour
  7786 | D:8      | Reached XP level 10. HP: 62/90 MP: 6/9
  7945 | D:8      | Paralysed by a hornet for 2 turns
  7951 | D:8      | Reached skill level 12 in Axes
  8200 | D:8      | Noticed Gastronok
  8216 | D:8      | Killed Gastronok
  8335 | D:8      | Noticed a two-headed ogre
  8343 | D:8      | Killed a two-headed ogre
  8343 | D:8      | Reached skill level 13 in Axes
  8441 | D:8      | Reached ***** piety under Trog
  8675 | D:8      | Found a shimmering altar of Xom.
  8775 | D:9      | Noticed Erolcha
  8775 | D:9      | Noticed a centaur warrior
  8795 | D:9      | HP: 2/93 [centaur warrior (4)]
  8796 | D:9      | Slain by a centaur warrior

Illustrated notes

Levels and vault maps discovered:
D:1:      minmay_arrival_plants_in_alcoves, layout_loops_ring
D:2:      layout_rooms, overflow_temple_1_default, nicolae_ru_awakened_eye,
          nemelex_xobeh_ov_fountains_minmay, uniq_natasha
D:3:      layout_basic, first_ration, kennysheep_nondescript,
          grunt_ministairs_10, uniq_sigmund, uniq_robin
D:4:      layout_basic, fedhas_altar_2
D:5:      layout_cave_pools, minmay_misc_feat_four_crosses,
          cheibrodos_worm_habitat, uniq_prince_ribbit1
D:6:      layout_rooms, old_standard_altar, kennysheep_mini_moat,
          lightli_temple_of_fire, temple_green, elyvilon_altar_5
D:7:      layout_loops_ring, uniq_harold
D:8:      layout_cave_pools, lemuel_doored_altar, nicolae_ossuary_entry_ruins,
          uniq_gastronok
D:9:      layout_cross, uniq_erolcha

Skill      XL: |  1  2  3  4  5  6  7  8  9 10 |
---------------+-------------------------------+-----
Axes           | 4 5 6 8 10 11 13 | 13.2
Fighting       | 4 5 7 8 9 |  9.9
Armour         | 3 5 7 |  7.8
Dodging        | 3 4 5 6 |  6.5
Stealth        | 1 2 3 |  3.8
Shields        | 2 |  2.8

Action                   |  1- 3 |  4- 6 |  7- 9 | 10-12 || total
-------------------------+-------+-------+-------+-------++-------
Melee: Hand axe          |    68 |    95 |   279 |   107 ||   549
       Headbutt          |     7 |    17 |    77 |    24 ||   125
Invok: Berserk           |     1 |     2 |     6 |     3 ||    12
 Stab: Sleeping          |     2 |     3 |     3 |       ||     8
       Distracted        |       |     1 |       |       ||     1
  Eat: Chunk             |     1 |     9 |    18 |     5 ||    33
       Ration            |       |       |     1 |       ||     1
Armor: Animal skin       |    15 |    12 |     6 |       ||    33
       Chain mail        |       |       |    67 |    34 ||   101
Dodge: Dodged            |    51 |    67 |   141 |    44 ||   303
Block: Buckler           |       |       |    12 |    32 ||    44
